 Dungeon Crawl Stone Soup version 0.25.0-9-g26727b657a (webtiles) character file.

Game seed: 16601942866330442717

1131 Acheron the Chopper (level 8, 0/68 HPs)
             Began as a Hill Orc Monk on June 20, 2020.
             Was a Priest of Okawaru.
             Succumbed to a killer bee's poison
             ... on level 6 of the Dungeon.
             The game lasted 00:35:33 (7106 turns).

Acheron the Chopper (Hill Orc Monk)                 Turns: 7106, Time: 00:35:34

Health: 0/68       AC:  9    Str: 14    XL:     8   Next: 36%
Magic:  11/11      EV: 11    Int: 11    God:    Okawaru [***...]
Gold:   281        SH:  0    Dex: 22    Spells: 11/11 levels left

rFire    + . .     SeeInvis .   b - +12 trident "Hyujeonao" {vorpal, *Noise rF+ Dex+8 Stlth-}
rCold    . . .     Gourm    .   (no shield)
rNeg     . . .     Faith    .   t - +0 scale mail
rPois    .         Spirit   .   (no helmet)
rElec    .         Reflect  .   e - scarf {+Inv}
rCorr    .         Harm     .   s - +1 pair of gloves
MR       .....                  (no boots)
Stlth    ..........             (no amulet)
HPRegen  0.21/turn              (no ring)
MPRegen  0.12/turn              (no ring)

@: mighty, lethally poisoned (0 -> -4), berserk cooldown, slowed, very slow
A: no striking features
a: Heroism, Renounce Religion, Evoke Invisibility


You were on level 6 of the Dungeon.
You worshipped Okawaru.
Okawaru was most pleased with you.
You were hungry.

You visited 2 branches of the dungeon, and saw 7 of its levels.

You collected 281 gold pieces.

Inventory:

Hand Weapons
 a - a +0 hand axe
 b - the +12 trident "Hyujeonao" (weapon) {vorpal, *Noise rF+ Dex+8 Stlth-}
   (You found it on level 6 of the Dungeon)

   It inflicts extra damage upon your enemies.
   It affects your dexterity (+8).
   It protects you from fire.
   It may make noises in combat.
   It makes you less stealthy.
 k - a +0 hunting sling
 l - a +0 mace of protection
 m - a cursed +0 mace
 n - a +0 dagger
 o - a +2 short sword of protection
 p - a +0 quarterstaff of protection
Missiles
 g - 130 stones
 q - 19 poisoned darts (quivered)
 w - 19 sling bullets
Armour
 e - a scarf of invisibility (worn)
 r - a +0 leather armour
 s - a +1 pair of gloves (worn)
 t - a +0 scale mail (worn)
Jewellery
 h - an uncursed ring of protection from magic {unknown}
 u - a +4 ring of evasion {unknown}
Wands
 i - a wand of polymorph (10)
Scrolls
 x - a scroll of magic mapping
Potions
 d - a potion of magic
 v - 2 potions of berserk rage
Comestibles
 c - 5 rations
 f - 2 chunks of flesh


   Skills:
 * Level 5.2 Fighting
 + Level 5.6(6.4) Axes
 * Level 3.7(4.8) Polearms
 + Level 1.2 Slings
 + Level 4.2 Armour
 + Level 3.1 Dodging
 * Level 3.2 Stealth
 * Level 2.4 Spellcasting
 * Level 1.5 Invocations
 * Level 2.5 Evocations


You had 11 spell levels left.
You didn't know any spells.
Your spell library was empty.

Dungeon Overview and Level Annotations

Branches:
Dungeon (6/15)             Temple (1/1) D:5

Altars:
Ashenzari
Cheibriados
Dithmenos
Elyvilon
Fedhas
Gozag
Hepliaklqana
Kikubaaqudgha
Makhleb
Okawaru
Qazlal
Ru
Sif Muna
Trog
Uskayaw
Vehumet
Xom
Yredelemnul
The Shining One

Annotations:
D:1 1 runed translucent door


Message History

You destroy the phantom!
Okawaru accepts your kill.
Okawaru will now gift you ammunition as you gain piety.
You barely miss the quokka.
* * * LOW HITPOINT WARNING * * *
You feel sick.
The quokka bites you but does no damage.
You puncture the quokka!
You kill the quokka!
Okawaru accepts your kill.
* * * LOW HITPOINT WARNING * * *
You feel sick.
You puncture the hornet zombie!
The hornet zombie is moderately damaged.
You are no longer berserk.
You are exhausted.
You feel yourself slow down. The hornet zombie closely misses you.
You barely miss the hornet zombie.
The hornet zombie is moderately damaged.
You die...

#####.............#..######
#.................#..# #...
.###.#...............#..#
#.##
.y.y....#..###########..#
#.#. ..##.##†#..# #..###.#.
# ##.#Z## ######.>....#.
#....# #..........##.
#.#..#.#######.............
#.......ZZ@.##..........###
#........#####....(........
#......###...###.(..##+#.##
.......## .....##.(....÷.#
###.#.### ......##.(.....#
...#. ≈≈≈....#.......# ##
## ≈≈≈≈...####....#
...≈≈.....#....#
.>o≈≈........#.#


You could see a worker ant zombie and a hornet zombie.

Vanquished Creatures
  A phantom (D:6)
  An ice beast (D:6)
  A bullfrog (D:6)
  2 scorpions
  6 killer bees (D:6)
  A howler monkey (D:6)
  A crimson imp (D:6)
  2 hounds (D:4)
  A bullfrog skeleton (D:6)
  2 orc wizards (D:5)
  5 worker ants
  8 adders
  A shadow imp (D:6)
  2 oozes
  An adder skeleton (D:5)
  3 worms
  3 dart slugs
  4 leopard geckos
  6 orcs
  4 giant cockroaches
  8 goblins
  2 hobgoblins
  9 jackals
  6 kobolds
  3 quokkas
  A ball python (D:3)
  4 bats
  4 frilled lizards
  A quokka skeleton (D:4)
  9 rats
102 creatures vanquished.

Notes
Turn   | Place    | Note
-------+----------+-------------------------------------------
     0 | D:1      | Acheron the Hill Orc Monk began the quest for the Orb.
     0 | D:1      | Reached XP level 1. HP: 19/19 MP: 1/1
     1 | D:1      | Found a runed translucent door.
   198 | D:1      | Reached XP level 2. HP: 15/27 MP: 2/2
  1106 | D:2      | Reached XP level 3. HP: 33/33 MP: 3/3
  1681 | D:2      | You fall into a shaft and drop 2 floors!
  1769 | D:3      | Reached skill level 1 in Armour
  2104 | D:2      | Found a white marble altar of Elyvilon.
  2421 | D:3      | Reached XP level 4. HP: 38/40 MP: 5/5
  3113 | D:3      | Reached skill level 1 in Spellcasting
  3243 | D:3      | Found a sacrificial altar of Ru.
  3246 | D:3      | Found a hide-covered altar of Uskayaw.
  3257 | D:3      | Found a hazy altar of Hepliaklqana.
  3260 | D:3      | Found an ancient bone altar of Kikubaaqudgha.
  3340 | D:4      | Reached XP level 5. HP: 20/46 MP: 6/6
  3378 | D:4      | Reached skill level 1 in Evocations
  3687 | D:4      | Reached skill level 5 in Axes
  4305 | D:4      | Found a snail-covered altar of Cheibriados.
  4358 | D:4      | Found a bloodstained altar of Trog.
  4358 | D:4      | Found a stormy altar of Qazlal.
  4492 | D:4      | Reached XP level 6. HP: 41/52 MP: 6/8
  4739 | D:4      | Reached skill level 1 in Slings
  4977 | D:5      | Entered Level 5 of the Dungeon
  5553 | D:6      | Found a shadowy altar of Dithmenos.
  5553 | D:6      | Noticed a phantom
  5595 | D:6      | Noticed an ice beast
  5632 | D:6      | Got a crude trident
  5858 | D:5      | Identified the +12 trident "Hyujeonao" {vorpal, *Noise rF+
                  | Dex+8 Stlth-} (You found it on level 6 of the Dungeon)
  6004 | D:5      | Found a shattered altar of Ashenzari.
  6185 | D:5      | Reached XP level 7. HP: 55/60 MP: 9/9
  6277 | D:5      | Found a staircase to the Ecumenical Temple.
  6290 | Temple   | Entered the Ecumenical Temple
  6508 | Temple   | Became a worshipper of Warmaster Okawaru
  6508 | Temple   | Reached * piety under Okawaru
  6508 | Temple   | Reached ** piety under Okawaru
  6746 | D:6      | Reached skill level 1 in Polearms
  7078 | D:6      | Reached skill level 5 in Fighting
  7078 | D:6      | Reached XP level 8. HP: 36/68 MP: 11/11
  7091 | D:6      | Reached skill level 1 in Invocations
  7095 | D:6      | HP: 5/102 [poisoned by a killer bee]
  7101 | D:6      | HP: 2/102 [poisoned by a killer bee]
  7102 | D:6      | Reached *** piety under Okawaru
  7106 | D:6      | Succumbed to a killer bee's poison

Illustrated notes

Levels and vault maps discovered:
D:1:      dpeg_arrival_caged_fury, layout_loops_ring
D:2:      layout_loops_ring, lemuel_round_altar
D:3:      layout_basic, minitemple, first_ration
D:4:      layout_cave_pools, gammafunk_temple_overflow_forgotten
D:5:      layout_gridville, evilmike_ruin_ashenzari,
          minmay_temple_entry_gardened_gates
D:6:      layout_basic, kennysheep_mini_moat, grunt_dithmenos_shadows,
          marbit_many_paths, minivault_24, tgw_sif
Temple:   jpeg_temple_island

Skill      XL: |  1  2  3  4  5  6  7  8 |
---------------+-------------------------+-----
Stealth        | 2 3 |  3.2
Armour         | 1 2 3 4 |  4.2
Fighting       | 4 5 |  5.2
Spellcasting   | 1 2 |  2.4
Evocations     | 1 2 |  2.5
Axes           | 5 |  5.6
Slings         | 1 |  1.2
Polearms       | 2 3 |  3.7
Dodging        | 3 |  3.1
Invocations    | 1 |  1.5

Action                   |  1- 3 |  4- 6 |  7- 9 || total
-------------------------+-------+-------+-------++-------
Melee: Hand axe          |   130 |   296 |       ||   426
       Trident           |       |     9 |    63 ||    72
Throw: Stone             |       |     1 |       ||     1
       Dart              |       |     6 |       ||     6
  Use: Scroll            |     7 |     7 |     2 ||    16
       Potion            |     1 |     2 |     2 ||     5
 Stab: Sleeping          |     7 |       |       ||     7
  Eat: Chunk             |     1 |     4 |     1 ||     6
       Ration            |     1 |     3 |       ||     4
Armor: Robe              |    15 |       |       ||    15
       Leather armour    |     3 |     6 |       ||     9
       Scale mail        |       |   109 |    17 ||   126
       Skin              |       |     9 |       ||     9
Dodge: Dodged            |    80 |   159 |    34 ||   273
